details: 'massitems hanged in the wild west'

« prev index next »

General information

Mini Map

Players

team 1
Random» Orcih8naggers (pink | 68 APM | 2468 actions | 36:29)
Hero icon 7 Blademaster
Ability icon 3 Wind Walk
Ability icon 3 Critical Strike
Ability icon 1 Bladestorm
Hero icon 6 Shadow Hunter
Ability icon 3 Healing Wave
Ability icon 2 Hex
Ability icon 1 Big Bad Voodoo

» actions
Basic commands1
Build / train109
Enter build submenu33
Enter hero's abilities submenu14
Give item / drop item4
Remove unit from queue4
Right click1486
Select / deselect679
Use ability138
2468 total
» units
Peon29
Grunt3
Shaman6
Raider9
Tauren7
Troll Witch Doctor3
Wind Rider1
58 total
» upgrades
Armor3
Melee Weapons4
Shaman Training2
Pillage1
Ensnare1
Reinforced Defenses2
Pulverize1
Witch Doctor Training2
Ranged Weapons1
17 total
» buildings
Altar of Storms2
Orc Burrow8
Voodoo Lounge2
Barracks1
War Mill2
Stronghold2
Great Hall6
Fortress1
Spirit Lodge1
Beastiary1
Watch Tower2
Tauren Totem1
Sacrificial Pit1
30 total
» build order
00:06 Altar of Storms
00:08 Orc Burrow
00:58 Voodoo Lounge
01:29 Barracks
02:00 Orc Burrow
02:48 War Mill
03:47 Stronghold
04:34 Orc Burrow
05:31 Great Hall
06:14 Fortress
06:47 Spirit Lodge
08:07 Beastiary
09:13 Watch Tower
10:29 Tauren Totem
11:58 Great Hall
13:01 Orc Burrow
13:19 Orc Burrow
15:05 Watch Tower
21:35 Great Hall
22:12 Orc Burrow
22:18 Great Hall
24:39 Great Hall
30:00 Great Hall
31:39 Sacrificial Pit
32:35 Stronghold
33:08 War Mill
35:31 Altar of Storms
35:58 Orc Burrow
35:59 Orc Burrow
36:04 Voodoo Lounge
» items
Healing Salve5
Orb of Lightning2
Scroll of Town Portal5
12 total
HumanTimeIsTheeEnemy (red | 91 APM | 3756 actions | 41:05)
Hero icon 8 Archmage
Ability icon 2 Summon Water Elemental
Ability icon 3 Brilliance Aura
Ability icon 2 Blizzard
Ability icon 1 Mass Teleport

» actions
Assign group hotkey88
Basic commands212
Build / train196
ESC pressed7
Enter build submenu77
Enter hero's abilities submenu7
Give item / drop item5
Right click943
Select / deselect484
Select group hotkey1470
Use ability266
3756 total
» units
Peasant25
Footman9
Gryphon Rider11
Dragonhawk Rider2
Siege Engine1
Spell Breaker1
Knight1
50 total
» upgrades
Masonry3
Lumber Harvesting2
Cloud1
Storm Hammers1
Swords3
Animal War Training1
Armor3
Defend1
Long Rifles1
Backpack1
Plating3
Gunpowder3
Flak Cannons1
Flying Machine Bombs1
Flare1
Fragmentation Shards1
Barrage1
Sorceress Training1
Priest Training1
Control Magic1
Magic Sentry1
Spiked Barricades1
33 total
» buildings
Altar of Kings1
Barracks1
Farm18
Lumber Mill2
Town Hall5
Arcane Vault1
Keep4
Scout Tower27
Guard Tower44
Castle3
Gryphon Aviary4
Blacksmith1
Workshop4
Arcane Sanctum2
Cannon Tower4
121 total
» build order
00:08 Altar of Kings
00:11 Barracks
00:18 Farm
00:58 Farm
01:40 Farm
02:22 Farm
03:26 Farm
03:28 Lumber Mill
04:16 Town Hall
05:35 Arcane Vault
05:53 Keep
05:53 Keep
05:53 Keep
07:18 Town Hall
08:13 Scout Tower
08:14 Scout Tower
08:15 Scout Tower
08:18 Scout Tower
08:45 Scout Tower
08:46 Scout Tower
08:47 Scout Tower
08:48 Scout Tower
08:52 Guard Tower
09:04 Scout Tower
09:46 Guard Tower
09:46 Guard Tower
10:01 Guard Tower
10:26 Scout Tower
10:28 Scout Tower
10:38 Scout Tower
10:49 Castle
10:49 Castle
10:52 Guard Tower
10:52 Guard Tower
10:52 Guard Tower
10:56 Scout Tower
11:11 Guard Tower
11:12 Guard Tower
11:12 Guard Tower
11:24 Guard Tower
11:24 Guard Tower
11:24 Guard Tower
11:41 Gryphon Aviary
12:38 Gryphon Aviary
12:43 Gryphon Aviary
12:51 Blacksmith
14:04 Gryphon Aviary
14:54 Scout Tower
14:55 Scout Tower
15:35 Guard Tower
15:35 Guard Tower
15:51 Guard Tower
15:52 Guard Tower
16:03 Farm
16:04 Farm
16:16 Farm
16:17 Farm
16:44 Farm
16:48 Lumber Mill
21:00 Workshop
21:01 Workshop
21:07 Workshop
21:08 Workshop
21:37 Town Hall
21:39 Scout Tower
21:39 Scout Tower
21:40 Scout Tower
21:41 Scout Tower
22:09 Guard Tower
22:10 Guard Tower
22:10 Guard Tower
22:10 Guard Tower
22:10 Guard Tower
22:11 Guard Tower
22:13 Guard Tower
22:13 Guard Tower
22:13 Guard Tower
22:14 Guard Tower
22:28 Farm
22:30 Farm
24:23 Scout Tower
24:24 Scout Tower
24:25 Scout Tower
24:26 Scout Tower
26:12 Guard Tower
26:12 Guard Tower
26:12 Guard Tower
27:18 Farm
27:19 Farm
27:20 Farm
27:23 Farm
28:26 Farm
28:27 Farm
31:02 Arcane Sanctum
31:06 Arcane Sanctum
32:16 Town Hall
35:30 Town Hall
35:33 Scout Tower
35:34 Scout Tower
35:35 Scout Tower
35:36 Scout Tower
40:01 Guard Tower
40:02 Guard Tower
40:05 Cannon Tower
40:05 Cannon Tower
40:05 Cannon Tower
» items
Scroll of Regeneration4
Mechanical Critter3
Scroll of Town Portal2
Staff of Teleportation1
Tome of Retraining1
Potion of Invisibility2
Potion of Lesser Invulnerability1
Lesser Clarity Potion1
Staff of Sanctuary1
16 total
Random» Humanmassitems (purple | 29 APM | 1189 actions | 40:35)
Hero icon 4 Mountain King
Ability icon 2 Thunder Clap
Ability icon 2 Storm Bolt
Hero icon 3 Paladin
Ability icon 2 Holy Light
Ability icon 1 Devotion Aura
Hero icon 1 Archmage
Ability icon 1 Summon Water Elemental

» actions
Assign group hotkey54
Basic commands67
Build / train105
ESC pressed1
Enter build submenu35
Enter hero's abilities submenu8
Right click253
Select / deselect285
Select group hotkey288
Use ability93
1189 total
» units
Peasant21
Footman3
Rifleman3
Mortar Team1
Dragonhawk Rider11
Siege Engine9
Spell Breaker5
Knight5
58 total
» upgrades
Swords2
Plating2
Lumber Harvesting2
Gunpowder2
Armor3
Masonry3
Magic Sentry1
Control Magic1
Barrage1
Cloud1
Animal War Training1
19 total
» buildings
Farm12
Barracks1
Altar of Kings1
Lumber Mill2
Arcane Vault2
Blacksmith1
Keep1
Town Hall2
Scout Tower11
Guard Tower6
Workshop1
Arcane Sanctum1
Gryphon Aviary1
Castle1
43 total
» build order
01:32 Farm
01:47 Farm
02:07 Farm
03:01 Barracks
03:04 Altar of Kings
03:17 Lumber Mill
03:22 Arcane Vault
03:33 Farm
03:38 Blacksmith
03:48 Farm
05:16 Keep
05:54 Town Hall
05:59 Scout Tower
06:01 Scout Tower
06:03 Arcane Vault
06:30 Guard Tower
07:22 Scout Tower
07:25 Scout Tower
07:31 Scout Tower
08:32 Workshop
08:39 Arcane Sanctum
08:42 Gryphon Aviary
08:52 Farm
08:53 Farm
09:01 Castle
09:13 Guard Tower
09:21 Scout Tower
09:25 Scout Tower
09:37 Scout Tower
09:38 Scout Tower
09:45 Scout Tower
09:48 Scout Tower
10:04 Farm
10:05 Farm
10:11 Guard Tower
10:40 Guard Tower
10:45 Guard Tower
12:09 Lumber Mill
15:08 Farm
15:32 Guard Tower
15:54 Farm
15:56 Farm
27:14 Town Hall
» items
Boots of Speed1
Potion of Lesser Invulnerability1
Scroll of Town Portal5
Scroll of Regeneration2
9 total
UndeadPehzao (blue | 56 APM | 1471 actions | 26:14)
Hero icon 2 Death Knight
Ability icon 1 Unholy Aura
Ability icon 1 Death Coil

» actions
Assign group hotkey4
Basic commands4
Build / train75
Enter build submenu16
Enter hero's abilities submenu2
Right click959
Select / deselect350
Select group hotkey11
Use ability50
1471 total
» units
Acolyte3
Ghoul10
Necromancer14
Meatwagon5
Obsidian Statue1
Gargoyle26
59 total
» upgrades
Unholy Strength1
Unholy Armor1
Exhume Corpses1
Necromancer Training2
Skeletal Longevity1
Skeletal Mastery1
Burrow1
Creature Attack1
Creature Carapace1
10 total
» buildings
Crypt3
Altar of Darkness1
Ziggurat7
Tomb of Relics1
Halls of the Dead1
Graveyard1
Nerubian Tower1
Temple of the Damned2
Slaughterhouse1
Black Citadel1
19 total
» build order
00:16 Crypt
00:30 Altar of Darkness
00:43 Ziggurat
01:50 Tomb of Relics
02:28 Ziggurat
02:47 Halls of the Dead
03:12 Graveyard
03:23 Ziggurat
03:29 Nerubian Tower
03:49 Ziggurat
05:10 Temple of the Damned
05:18 Slaughterhouse
05:28 Temple of the Damned
07:07 Black Citadel
18:42 Ziggurat
18:43 Ziggurat
18:44 Ziggurat
18:55 Crypt
18:57 Crypt
team 2
NightElfZaphiro (teal | 49 APM | 695 actions | 14:16)
Hero icon 4 Demon Hunter
Ability icon 2 Mana Burn
Ability icon 2 Evasion
Hero icon 3 Death Knight
Ability icon 2 Unholy Aura
Ability icon 1 Death Coil

» actions
Assign group hotkey145
Build / train44
Enter build submenu10
Enter hero's abilities submenu7
Remove unit from queue1
Right click232
Select / deselect215
Select group hotkey3
Use ability38
695 total
» units
Wisp10
Archer3
Huntress8
Glaive Thrower2
Frost Wyrm4
27 total
» upgrades
Strength of the Moon2
Moon Armor1
Sentinel1
Vorpal Blades1
Druid of the Claw Training0
Abolish Magic1
6 total
» buildings
Altar of Elders1
Moon Well4
Ancient of War1
Hunter's Hall1
Ancient Protector1
Tree of Ages1
Ancient of Lore1
Tree of Eternity1
11 total
» build order
00:21 Altar of Elders
00:35 Moon Well
01:03 Ancient of War
01:58 Hunter's Hall
02:15 Moon Well
02:45 Moon Well
03:06 Ancient Protector
05:46 Tree of Ages
07:18 Moon Well
08:46 Ancient of Lore
08:48 Tree of Eternity
Random» UndeadDrake (orange | 40 APM | 11 actions | 00:16)

» actions
Build / train2
Enter build submenu1
Right click3
Select / deselect4
Use ability1
11 total
» units
Acolyte2
2 total
» buildings
Crypt1
1 total
» build order
00:13 Crypt
HumanGOLLY-GREENLAMB (green | 58 APM | 2399 actions | 41:05)
Hero icon 6 Archmage
Ability icon 3 Blizzard
Ability icon 2 Brilliance Aura
Ability icon 1 Mass Teleport

» actions
Assign group hotkey82
Basic commands42
Build / train148
Enter build submenu28
Enter hero's abilities submenu7
Right click853
Select / deselect426
Select group hotkey643
Use ability170
2399 total
» units
Peasant42
Footman4
Frost Wyrm1
Mortar Team20
Sorceress9
Siege Engine2
78 total
» upgrades
Masonry3
Gunpowder2
Lumber Harvesting2
Sorceress Training2
Barrage1
Flare1
Fragmentation Shards1
Magic Sentry1
Flying Machine Bombs1
14 total
» buildings
Altar of Kings1
Barracks1
Farm12
Scout Tower24
Arcane Vault2
Arcane Tower1
Lumber Mill2
Halls of the Dead1
Town Hall1
Guard Tower15
Keep1
Blacksmith1
Castle1
Workshop2
Arcane Sanctum1
66 total
» build order
00:07 Altar of Kings
00:23 Barracks
00:37 Farm
00:52 Farm
01:29 Farm
01:34 Scout Tower
02:04 Arcane Vault
02:12 Arcane Tower
03:09 Lumber Mill
03:18 Farm
03:24 Halls of the Dead
03:35 Arcane Vault
04:22 Town Hall
04:30 Scout Tower
04:31 Scout Tower
04:32 Scout Tower
05:42 Guard Tower
06:16 Keep
06:33 Scout Tower
06:34 Scout Tower
06:35 Scout Tower
06:48 Scout Tower
06:48 Scout Tower
06:49 Scout Tower
06:53 Scout Tower
06:55 Scout Tower
07:00 Blacksmith
07:34 Guard Tower
07:40 Farm
08:00 Guard Tower
08:10 Guard Tower
09:09 Castle
09:29 Scout Tower
09:29 Scout Tower
09:30 Scout Tower
10:09 Workshop
10:43 Guard Tower
11:11 Workshop
11:14 Guard Tower
12:03 Guard Tower
12:11 Arcane Sanctum
13:04 Farm
13:06 Farm
13:07 Farm
13:10 Guard Tower
14:07 Scout Tower
14:07 Scout Tower
14:08 Scout Tower
14:22 Farm
14:52 Guard Tower
14:53 Guard Tower
15:10 Guard Tower
20:28 Farm
20:28 Farm
25:20 Scout Tower
25:22 Scout Tower
25:23 Scout Tower
26:04 Guard Tower
26:12 Lumber Mill
28:50 Scout Tower
28:50 Scout Tower
29:39 Guard Tower
29:39 Guard Tower
» items
Scroll of Regeneration4
Ivory Tower11
Scroll of Town Portal9
Potion of Healing1
Staff of Sanctuary1
26 total
NightElfblack_power (yellow | 149 APM | 3652 actions | 24:34)
Hero icon 9 Demon Hunter
Ability icon 3 Immolation
Ability icon 3 Evasion
Ability icon 1 Metamorphosis
Ability icon 2 Mana Burn

» actions
Assign group hotkey35
Basic commands23
Build / train95
ESC pressed1
Enter build submenu27
Enter hero's abilities submenu9
Right click1219
Select / deselect280
Select group hotkey1866
Use ability97
3652 total
» units
Wisp23
Ghoul5
Archer12
Crypt Fiend5
Chimaera4
Hippogryph6
55 total
» upgrades
Web1
Burrow1
Creature Attack2
Creature Carapace1
Freezing Breath1
Corrosive Breath1
Reinforced Hides2
Strength of the Moon1
Moon Armor2
Strength of the Wild1
Hippogryph Taming1
Improved Bows1
15 total
» buildings
Altar of Elders1
Moon Well8
Ziggurat9
Ancient of War1
Graveyard1
Altar of Darkness1
Nerubian Tower3
Hunter's Hall1
Tree of Ages1
Spirit Tower2
Tree of Eternity1
Ancient of Wind1
Black Citadel1
Sacrificial Pit1
Chimaera Roost2
Boneyard2
Ancient Protector7
Ancient of Wonders1
44 total
» build order
00:06 Altar of Elders
00:08 Moon Well
00:44 Ziggurat
00:45 Ziggurat
00:46 Ziggurat
01:22 Moon Well
01:44 Ancient of War
01:58 Graveyard
02:11 Moon Well
02:20 Altar of Darkness
02:26 Nerubian Tower
02:38 Hunter's Hall
04:06 Tree of Ages
04:29 Ziggurat
04:53 Moon Well
04:55 Moon Well
04:59 Moon Well
05:28 Ziggurat
05:50 Spirit Tower
05:52 Spirit Tower
05:56 Nerubian Tower
06:30 Tree of Eternity
06:33 Ancient of Wind
06:40 Black Citadel
06:44 Sacrificial Pit
07:01 Moon Well
07:03 Moon Well
07:17 Nerubian Tower
08:47 Ziggurat
08:48 Ziggurat
09:27 Chimaera Roost
09:28 Chimaera Roost
09:36 Boneyard
09:37 Boneyard
09:44 Ziggurat
09:45 Ziggurat
11:44 Ancient Protector
11:45 Ancient Protector
11:50 Ancient Protector
12:09 Ancient Protector
12:10 Ancient Protector
12:11 Ancient Protector
12:12 Ancient Protector
16:00 Ancient of Wonders
» items
Potion of Lesser Invulnerability1
Boots of Speed1
Potion of Healing2
Scroll of Town Portal2
Potion of Mana1
7 total

Chat log

(00:14 / All) GOLLY-GREENLAMB: mass items!!!
(00:31 / All) TimeIsTheeEnemy: Fucking leavers every game, wow
(00:31 / All) ih8naggers: u gayz gun try dis game?
(00:37 / All) ih8naggers: ya son, dey sux
(00:38 / All) TimeIsTheeEnemy: I hope they do
(00:40 / Allies) massitems: brb smoke
(00:41 / All) TimeIsTheeEnemy: Leavers are so annoying
(00:43 / All) TimeIsTheeEnemy: I just want a good game
(00:47 / All) ih8naggers: i a leva
(01:19 / All) TimeIsTheeEnemy: TIME IS THEE ENEMY! TIME IS THEE ENEMY!
(01:43 / All) GOLLY-GREENLAMB: is morrowind the greatest rpg of all-time?
(01:48 / All) TimeIsTheeEnemy: Nay
(01:53 / All) ih8naggers: i neba play dat shiz
(01:55 / All) TimeIsTheeEnemy: That belongs to the original Fallouts, 1 & 2
(02:06 / All) ih8naggers: ne1 eva play UO?
(02:14 / All) TimeIsTheeEnemy: Ultima Online? Best MMO of all time
(02:14 / All) GOLLY-GREENLAMB: turncoat has
(02:15 / All) Pehzao: fallout is a good game
(02:22 / All) ih8naggers: u play dat b4 red?
(02:25 / All) TimeIsTheeEnemy: Yes
(02:29 / All) ih8naggers: wut serva
(02:51 / All) TimeIsTheeEnemy: Did I play with you yesterday?
(02:54 / All) TimeIsTheeEnemy: You were a gangster on Outland
(02:55 / All) ih8naggers: nah
(03:03 / All) ih8naggers: i dun memba
(03:09 / All) ih8naggers: i usual skool kiz tho
(03:17 / All) ih8naggers: so wut serva on UO
(03:34 / All) ih8naggers: i juz outskore laz game by 34k
(03:58 / All) TimeIsTheeEnemy: I played on the Abyss
(04:09 / All) ih8naggers: pubably da lata yrz
(04:14 / All) TimeIsTheeEnemy: 2001
(04:18 / All) ih8naggers: i wuz on atlantix in 97'
(04:28 / All) ih8naggers: ole skool son
(04:44 / All) ih8naggers: EQ killz UO
(05:00 / All) TimeIsTheeEnemy: A shame since EQ type mmos are shit
(05:05 / All) ih8naggers: ya
(05:17 / All) ih8naggers: i aint lik diablo 2 much
(05:36 / All) GOLLY-GREENLAMB: pink ar eu
(05:37 / All) GOLLY-GREENLAMB: myp3nisisanub
(05:39 / All) ih8naggers: ne wow 2 much lik eq
(05:46 / All) ih8naggers: ya son, sup?
(05:50 / All) GOLLY-GREENLAMB: that u?
(05:52 / All) GOLLY-GREENLAMB: really
(05:56 / All) ih8naggers: ya y?
(06:03 / All) GOLLY-GREENLAMB: we played with u the other day u were funny
(06:11 / All) ih8naggers: ya, dat how i rollz son
(06:23 / All) ih8naggers: i holds it down
(07:04 / All) ih8naggers: newayz, uo wuz da shiz
(07:10 / All) TimeIsTheeEnemy: UO #1
(07:29 / All) GOLLY-GREENLAMB: i couldnt get into path of exile
(08:21 / All) ih8naggers: dayum, yalls aint playin
(08:40 / Allies) TimeIsTheeEnemy: ?

(10:03 / Allies) ih8naggers: aight
(10:04 / Allies) TimeIsTheeEnemy: Wood please if you can spare
(10:05 / Allies) ih8naggers: lez run up on dis foo

(12:23 / Allies) ih8naggers: imma go save dat
(12:26 / Allies) ih8naggers: u do wuteva u do
(12:33 / Allies) TimeIsTheeEnemy: Tome of retraining

(14:34 / All) black_power: time noob eh uma porra
(14:35 / All) GOLLY-GREENLAMB: the dingo ate my baby
(15:33 / Allies) TimeIsTheeEnemy: Wood please
(15:37 / Allies) ih8naggers: ne1 need da goldz?
(15:54 / Allies) TimeIsTheeEnemy: Ty for the wood
(16:05 / Allies) ih8naggers: ifn u wan mo i got sum in mah panz
(16:19 / Allies) TimeIsTheeEnemy: I'll take it
(16:20 / Allies) ih8naggers: can u cloud?
(16:43 / Allies) ih8naggers: cloud it purp son

(17:43 / All) Pehzao: gay chimera
(17:56 / All) Pehzao: muito gay
(18:05 / All) black_power: meu pau
(18:10 / All) ih8naggers: try gain son
(18:11 / All) Pehzao: eh gay tb
(18:59 / Allies) ih8naggers: cloud dis up reel quix son
(19:58 / Allies) ih8naggers: wut u been doin blew?
(20:10 / Allies) ih8naggers: mo hox purp
(20:39 / Allies) ih8naggers: deez fooz aint gun make it ez

(21:42 / Allies) ih8naggers: be bax ova dar
(22:31 / Allies) ih8naggers: lez go gayz
(22:39 / Allies) ih8naggers: blew u git yella shit aight

(23:47 / All) Pehzao: cade??
(23:53 / All) Pehzao: cade chimera?
(23:58 / All) black_power: se fode pato
(24:06 / All) black_power: tu eh cego ou burro?
(24:11 / All) Pehzao: Dxeuhgrtg
(24:13 / All) ih8naggers: i aint undsa stud son
(24:21 / All) black_power: tamo fudendo vcs só com 02
(24:22 / Allies) Pehzao: he is a brazilian
(24:26 / All) black_power: chupa seu otarioa
(24:30 / All) Pehzao: gagyaaghuhahua
(24:32 / All) Pehzao: morre ae pato
(24:33 / All) ih8naggers: no comprendo son
(25:10 / Allies) TimeIsTheeEnemy: Nice try, I have cloud
(25:31 / Allies) ih8naggers: wut u doin purp?
(25:37 / Allies) ih8naggers: ah
(25:43 / Allies) ih8naggers: i guez red wuz fuxin round
(26:20 / All) TimeIsTheeEnemy: Not cool purple
(26:21 / All) ih8naggers: heh
(26:22 / All) TimeIsTheeEnemy: Stop killing my base bro
(26:48 / Allies) ih8naggers: how bout u fooz juz end dis shit
(27:05 / Allies) TimeIsTheeEnemy: He attacked me
(27:07 / Allies) TimeIsTheeEnemy: I must slay him now
(27:22 / Allies) massitems: red
(27:25 / Allies) massitems: get a life
(27:26 / Allies) massitems: lol
(27:32 / Allies) massitems: this is fun to u?
(27:34 / Allies) TimeIsTheeEnemy: It's called self defense
(27:40 / Allies) TimeIsTheeEnemy: No, it's justice
(27:45 / Allies) TimeIsTheeEnemy: I don't like criminals on my battle.net
(27:48 / Allies) TimeIsTheeEnemy: I'm an internet sheriff
(27:55 / Allies) massitems: stfu
(27:56 / All) ih8naggers: u like how i flank green?
(28:13 / All) TimeIsTheeEnemy: Purple rejects the authority of the internet sheriff, however, he's just a rebel
(28:15 / All) TimeIsTheeEnemy: He's going behind bars
(28:18 / All) TimeIsTheeEnemy: Nothing he can do about it
(28:21 / Allies) massitems: red you bs me the entire game
(28:26 / Allies) massitems: but ya know what
(28:33 / All) TimeIsTheeEnemy: This is justice, bitch
(28:37 / All) ih8naggers: heh
(28:37 / Allies) massitems: i forgive u =]
(28:43 / All) ih8naggers: u gayz r gay
(28:50 / All) TimeIsTheeEnemy: This is the wild west, I am the law enforcer in this lawless land
(28:57 / All) TimeIsTheeEnemy: You provoked me, and now I must remove you from the county
(29:11 / Allies) massitems: red you have no life
(29:18 / Allies) massitems: but it's all good =]
(29:29 / All) TimeIsTheeEnemy: I do have a life, but if I choose to hang you, you might not anymore
(29:36 / Allies) massitems: enjoy
(29:38 / All) TimeIsTheeEnemy: This ain't no liberal 50s, we got public executions
(29:59 / All) TimeIsTheeEnemy: You won't get away with it either way, that's for damn sure
(30:03 / Allies) massitems: lol you'd rather dick around than play a game
(30:09 / Allies) massitems: and harass other users
(30:19 / Allies) massitems: it's pretty pathetic
(30:24 / All) TimeIsTheeEnemy: I'm playing no game. You're playing the law
(30:34 / All) TimeIsTheeEnemy: I don't like people cheating my authority
(31:21 / All) ih8naggers: gun chip away at u slowly green
(31:23 / All) ih8naggers: i got tyme
(31:34 / All) TimeIsTheeEnemy: Purple was a wicked man, and now he's dead
(31:57 / All) TimeIsTheeEnemy: You may have time pink but I haven't got time for this rowdy indian's sense of adventure in this fair town
(32:06 / All) ih8naggers: heh
(32:10 / Allies) ih8naggers: den git ova har n help me son
(32:48 / Allies) ih8naggers: hmm
(32:52 / Allies) ih8naggers: mayb i shud go pulz
(33:01 / All) TimeIsTheeEnemy: Pulz? What's this fancy slang?
(33:10 / Allies) ih8naggers: ya son
(33:12 / Allies) ih8naggers: 4 pulz
(33:31 / All) TimeIsTheeEnemy: 4 pulz? I don't understand, sir, as an upstanding citizen I expect that you will however explain

(35:13 / All) TimeIsTheeEnemy: I don't like indian voodoo on my lawn
(35:15 / All) ih8naggers: juz 1 ob dose games
(35:16 / All) ih8naggers: hgeh
(35:24 / All) TimeIsTheeEnemy: This here is a fine southern town, no satanic rituals on it
(36:13 / All) TimeIsTheeEnemy: No touching the farms
(36:20 / All) ih8naggers: dayum, i juz waistin mah time har
(36:24 / All) ih8naggers: i out purp
(36:27 / All) TimeIsTheeEnemy: We don't like our crops being destroyed, this is a peaceful village

(38:39 / All) TimeIsTheeEnemy: Finally, the villain takes his leave and lets the cowboys do the rest
(38:40 / All) TimeIsTheeEnemy: Or not
(39:03 / All) GOLLY-GREENLAMB: we havent faced massitems in a long time
(39:30 / All) TimeIsTheeEnemy: It's always good to see familiar faces
(39:48 / All) GOLLY-GREENLAMB: if i would have went mk griffs i would have been able to handle purple and pink, mortars is too much effort
(40:05 / All) GOLLY-GREENLAMB: permission ti kill red hall
(40:10 / All) TimeIsTheeEnemy: Of course
(40:36 / All) GOLLY-GREENLAMB: massitems was in that game i massed blacksmiths on golems
(40:40 / All) TimeIsTheeEnemy: Which team gets the loss?
(40:44 / All) GOLLY-GREENLAMB: urs i say
(40:52 / All) TimeIsTheeEnemy: It has pink, but purple is a faggot
(40:59 / All) TimeIsTheeEnemy: His faggoty outweighs pink being cool
(41:05 / All) TimeIsTheeEnemy: A hanging shall be done in this westland